 Dungeon Crawl Stone Soup version 0.30-a0-377-g5cb311bc9f (webtiles) character file.

Game seed: 12038079104716169565

133 qeuew the Ruffian (level 4, -4/44 HPs)
             Began as a Troll Monk on Nov 29, 2022.
             Was an Initiate of Wu Jian.
             Killed from afar by Ijyb (20 damage)
             ... with a bolt of acid
             ... on level 3 of the Dungeon.
             The game lasted 00:01:50 (1444 turns).

qeuew the Ruffian (Troll Monk)                      Turns: 1444, Time: 00:01:51

Health: -4/44      AC: -8    Str: 21    XL:     4   Next: 93%
Magic:  3/3        EV:  9    Int:  6    God:    Wu Jian [......]
Gold:   113        SH:  0    Dex: 12    Spells: 3/3 levels left

rFire   . . .      SeeInvis .      - Unarmed
rCold   . . .      Faith    .    (no shield)
rNeg    . . .      Spirit   .    a - +0 robe
rPois   .          Reflect  .    (helmet restricted)
rElec   .          Harm     .    (no cloak)
rCorr   .          Rampage  .    (gloves unavailable)
Will    .....                    (boots unavailable)
Stlth   +.........               (no amulet)
HPRegen 1.07/turn                (no ring)
MPRegen 0.08/turn                (no ring)

@: corroded
A: large, unfitting armour, claws 3, regeneration 1, shaggy fur 1, tough skin 1
a: Renounce Religion


You were on level 3 of the Dungeon.
You worshipped Wu Jian.
Wu Jian was noncommittal.
You visited 1 branch of the dungeon, and saw 3 of its levels.

You collected 113 gold pieces.

Inventory:

Armour
 a - a +0 robe (worn)
Wands
 g - a wand of flame (15)
Scrolls
 e - a scroll of enchant armour


   Skills:
 - Level 2.4(1.2) Fighting
 - Level 2.4(1.2) Dodging
 - Level 1.0(0.5) Stealth
 * Level 5.7(2.8) Unarmed Combat


You had 3 spell levels left.
You didn't know any spells.
Your spell library contained the following spells:

 Spells                   Type           Power      Damage    Failure   Level
 Scorch                   Fire           0%         2d5       58%         2
 Flame Wave               Conj/Fire      0%         2d4       99%         4
 Summon Cactus Giant      Summ           0%         N/A       100%        6


Dungeon Overview and Level Annotations

Branches:
Dungeon (3/15)

Altars:
Ashenzari
Wu Jian

Annotations:
D:3 Ijyb


Innate Abilities, Weirdness & Mutations

You are too large for most types of armour.
You have claws for hands.
Your natural rate of healing is unusually fast.
You are covered in fur. (AC +1)
You have tough skin. (AC +1)


Message History

A goblin comes into view. It is wielding a +0 club.
Ijyb barely misses you.
You are confused.
You feel invigorated. Ijyb hits you with a +0 club.
* * * LOW HITPOINT WARNING * * *
Unknown command.
You scratch Ijyb but do no damage.
Ijyb is moderately wounded.
Ijyb closely misses you.
Unknown command.
Ijyb zaps a wand.
The bolt of acid hits you!
* * * LOW HITPOINT WARNING * * *
The acid corrodes you!
Unknown command.
Ijyb hits you with a +0 club.
* * * LOW HITPOINT WARNING * * *
You scratch Ijyb.
Ijyb is moderately wounded.
Ijyb hits you with a +0 club.
* * * LOW HITPOINT WARNING * * *
You're too confused to move!
Ijyb completely misses you.
You're too confused to move!
You feel less invigorated.
You feel less confused. Ijyb hits you with a +0 club.
You scratch Ijyb.
Ijyb is severely wounded.
Ijyb hits you with a +0 club.
* * * LOW HITPOINT WARNING * * *
You scratch Ijyb but do no damage. Your claw misses Ijyb.
Ijyb is severely wounded.
Ijyb completely misses you.
You closely miss Ijyb.
Ijyb is severely wounded.
You scratch Ijyb but do no damage.
Ijyb is severely wounded.
Ijyb closely misses you.
You scratch Ijyb.
Ijyb is severely wounded.
Ijyb zaps a wand.
The bolt of acid hits you!!
You die...

.... #..# #..#
#..#
##########..#
............##
##
##########...##
..#
#..†..####.!.#
#.......@gg.~#
#.....####..~#
##....# ~~~~#
#..#.. ~#~#
#..###. ~~#
#..# #. ~# #..#
#. #


You could see Ijyb and a goblin.

Vanquished Creatures
  Natasha (thrice) (D:2)
  2 adders
  A ball python (D:1)
  3 bats
  An endoplasm (D:1)
  5 giant cockroaches
  7 goblins
  8 hobgoblins
  A quokka (D:1)
  2 frilled lizards
  3 kobolds (D:1)
  5 rats
41 creatures vanquished.

Vanquished Creatures (others)
  A rat (D:3)
  2 demonic plants (D:3)
3 creatures vanquished.

Grand Total: 44 creatures vanquished

Notes
Turn   | Place    | Note
-------+----------+-------------------------------------------
     0 | D:1      | qeuew the Troll Monk began the quest for the Orb.
     0 | D:1      | Reached XP level 1. HP: 22/22 MP: 0/0
   199 | D:1      | Reached XP level 2. HP: 27/29 MP: 1/1
   370 | D:1      | Found a faded altar of an unknown god.
   391 | D:1      | Prayed at the altar of an unknown god.
   391 | D:1      | Became a worshipper of Ashenzari the Shackled
   422 | D:1      | Reached skill level 4 in Unarmed Combat
   676 | D:2      | Noticed Natasha
   684 | D:2      | Killed Natasha
   685 | D:2      | Reached XP level 3. HP: 33/36 MP: 2/2
   868 | D:2      | Found an ornate altar of the Wu Jian Council.
   921 | D:2      | Fell from the grace of Ashenzari
   921 | D:2      | Became a worshipper of the Wu Jian Council
  1039 | D:2      | Noticed Natasha
  1049 | D:2      | Killed Natasha
  1050 | D:2      | Reached skill level 5 in Unarmed Combat
  1050 | D:2      | Reached XP level 4. HP: 35/44 MP: 3/3
  1136 | D:2      | Noticed Natasha
  1142 | D:2      | Killed Natasha
  1423 | D:3      | Noticed Ijyb
  1431 | D:3      | HP: 1/44 [Ijyb/+0 club (7)]
  1444 | D:3      | Killed from afar by Ijyb

Illustrated notes

Levels and vault maps discovered:
D:1:      mrwooster_arrival_statue_2, layout_basic,
          ebering_ecumenical_altar_petrified
D:2:      layout_basic, basic_altar, uniq_natasha
D:3:      layout_loops_ring, nicolae_uskayaw_dance_hall,
          lightli_sewer_entry_pipes, serial_shops, nicolae_shop_hallway_plus,
          dreamdust_princess_corridor, chequers_avenue, uniq_ijyb

Skill      XL: |  1  2  3 |
---------------+----------+-----
Unarmed Combat | 4 5 |  5.7
Fighting       | |  2.4
Dodging        | |  2.4
Stealth        | |  1.0

Action                   |  1- 3 |  4- 6 || total
-------------------------+-------+-------++-------
Melee: Unarmed           |    67 |    41 ||   108
       Punch             |       |     1 ||     1
Invok: Lunge             |     2 |     3 ||     5
  Use: Scroll            |     2 |     3 ||     5
       Potion            |       |     4 ||     4
 Stab: Sleeping          |     2 |       ||     2
Armor: Robe              |    17 |    12 ||    29
Dodge: Dodged            |    33 |    12 ||    45

Table legend: (Time is in decaauts)
 A = Elapsed time spent in this place.
 B = Non-inter-level travel time spent in this place.
 C = Inter-level travel time spent in this place.
 D = Time resting spent in this place.
 E = Time spent auto-exploring this place.
 F = Levels seen in this place.
 G = Mean time per level.
                   A        B        C        D        E       F      G
               +--------+--------+--------+--------+--------+-----+--------+
         Total |   1437 |   1394 |     43 |      2 |   1135 |   3 |  479.0 |
       Dungeon |   1437 |   1394 |     43 |      2 |   1135 |   3 |  479.0 |
               +--------+--------+--------+--------+--------+-----+--------+

Top non-repeatable levels by time:
     D:2: 681 daAuts
     D:1: 673 daAuts
     D:3: 82 daAuts
